[Event "*** Titled Tuesday 3|2 Blitz"]
[Site "Chess.com"]
[Date "2016.09.06"]
[Round "2"]
[White "Kouzari"]
[Black "ShimanovAlex"]
[Result "1-0"]
[WhiteElo "2473"]
[BlackElo "2544"]
[TimeControl "180+2"]
[EndTime "17:22:02 PDT"]
[Termination "Kouzari won by resignation"]

1. d4 Nf6 2. c4 g6 3. Nc3 Bg7 4.
e4 O-O 5. f3 d6 6. Be3 Nc6 7.
Qd2 a6 8. Nge2 Na5 9. Ng3 b5 10.
Bh6 Nxc4 11. Bxc4 bxc4 12. h4 Bh8 13. Bxf8 Qxf8 14. h5 Rb8 15. hxg6 hxg6 16. O-O-O c5 17. dxc5 Ne8 18. cxd6 Nxd6 19. Rxh8+ Kxh8 20. Rh1+ Kg8 21. Nd5 Rb7 22. Qc3 Qg7 23. e5 Nf5 24. Nxf5 Bxf5 25.
Qd4 Rd7 26. Nxe7+ Kf8 27. Nxf5 Rxd4 28. Nxg7 Kxg7 29. Re1 g5 30. Re4 Rd5 31. Rxc4 Rxe5 32. Re4 Rd5 33. Kc2 Kg6 34. g4 a5 35. a3 f5 36. gxf5+ Kxf5 37. b4 axb4 38. axb4 Rd8 39. Rc4 Rb8 40. Kb3 Ke5 41. Rc7 Rf8 42. Rc3 Kd5 43. b5 Rf4 44. Ka3 Kd4 45. Rb3 Rf7 46.
b6 Rb7 47. Ka4 Kc5 48. Ka5 Rb8 49. b7 Kc4 50. Rb1 1-0

[Event "*** Titled Tuesday 3|2 Blitz"]
[Site "Chess.com"]
[Date "2016.09.06"]
[Round "2"]
[White "IamSchrodingersCat"]
[Black "BellJackson95"]
[Result "0-1"]
[WhiteElo "2253"]
[BlackElo "2167"]
[TimeControl "180+2"]
[EndTime "17:22:19 PDT"]
[Termination "BellJackson95 won by resignation"]

1. e4 e5 2. Nf3 Nc6 3. Bb5 f5 4. d3 fxe4 5. dxe4 Nf6 6. O-O Bc5 7. Qd3 d6 8. Qc4 Bd7 9. Nc3 Qe7 10. Bg5 a6 11. Bxc6 bxc6 12. b4 Be6 13. Qd3 Bxb4 14.
Rab1 Bc5 15. a4 O-O 16. h3 h6 17. Be3 Bxe3 18. Qxe3 Nh5 19. Rb7 Bc8 20. Rbb1 Nf4 21. Ne2 Qf7 22. Nd2 Qg6 23. Nxf4 exf4 24. Qd3 a5 25.
Rfe1 Qg5 26. Kh2 f3 27. Nxf3 Qf4+ 28. Kh1 Bxh3 29. Ng1 Be6 30. Re3 Qxf2 31. Nf3 Qg3 32. Kg1 Bh3 33. Qd2 Bg4 34. Nh2 Qf4 35. Rbe1 Be6 36.
g3 Qg5 37. Qg2 Rf7 38. Nf3 Qe7 39. e5 d5 40. Nd4 c5 41. Nb5 Raf8 42. R3e2 Qg5 43.
Nc3 Rf3 44. Re3 Rxe3 0-1

[Event "*** Titled Tuesday 3|2 Blitz"]
[Site "Chess.com"]
[Date "2016.09.06"]
[Round "2"]
[White "DanielNaroditsky"]
[Black "Krutoy123"]
[Result "0-1"]
[WhiteElo "2721"]
[BlackElo "2512"]
[TimeControl "180+2"]
[EndTime "17:22:41 PDT"]
[Termination "Krutoy123 won by resignation"]

1. d4 Nf6 2. Bf4 d5 3. e3 e6 4. Nf3 c5 5. c3 Be7 6. Nbd2 O-O 7. Bd3 Nc6 8. h3 Bd6 9. O-O Bxf4 10. exf4 cxd4 11.
cxd4 Qb6 12. Nb3 a5 13. a4 Ne4 14. Rc1 Nb4 15. Bb1 Bd7 16. Nc5 Nxc5 17. dxc5 Qc7 18. Bxh7+ Kxh7 19. Ng5+ Kg6 20. Qg4 f5 21. Qg3 Kh6 22. Qh4+ Kg6 23. Qg3 Kf6 24. Rfe1 Nc6 25.
Re3 d4 26. Re2 d3 27. Re3 Nd4 28. Rce1 Ne2+ 29. R3xe2 dxe2 30. Qc3+ Kg6 31. Rxe2 Qxf4 32. Nf3 Bc6 33. Rxe6+ Kh7 34. Re7 Qh6 35. Ne5 Rae8 36.
Rc7 Qf6 37. f4 Re7 38. Rxe7 Qxe7 39. Qxa5 Rd8 40. Qe1 Kg8 41. Qe3 Qe6 42. b3 Bd5 43. b4 Be4 44. b5 Qa2 45. Nf3 Rd1+ 46. Kh2 Bxf3 47. Qe6+ Qxe6 0-1

[Event "*** Titled Tuesday 3|2 Blitz"]
[Site "Chess.com"]
[Date "2016.09.06"]
[Round "2"]
[White "hermionegrangermagic"]
[Black "bilelou"]
[Result "0-1"]
[WhiteElo "2234"]
[BlackElo "2275"]
[TimeControl "180+2"]
[EndTime "17:23:00 PDT"]
[Termination "bilelou won by resignation"]

1. Nf3 d5 2. b4 e6 3. b5 Nf6 4. Bb2 Bd6 5. e3 Nbd7 6. c4 a6 7. a4 axb5 8. axb5 Rxa1 9. Bxa1 O-O 10. d4 Ne4 11. Bd3 f5 12. O-O g5 13. Qb3 g4 14.
Ne5 Nb6 15. cxd5 exd5 16. f3 gxf3 17. gxf3 Bxe5 18. dxe5 Nc5 19. Qc3 Nxd3 20. e6 d4 21.
Qxd3 Bxe6 22. Bxd4 Bc4 23. Qd1 Qg5+ 24. Kf2 Bxf1 25. Qxf1 f4 26. e4 Qh4+ 27. Kg2 Kf7 28. Nc3 Rg8+ 29. Kh1 Qg5 30. Bxb6 cxb6 31. Nd5 h5 32. Nxb6 Ke7 33. Nd5+ Kd6 34. Nc3 Kc7 35. Nd5+ Kb8 36. Qf2 h4 37. h3 Qg3 38. Qxg3 Rxg3 39.
Nxf4 Rxf3 40. Nd5 Rxh3+ 41. Kg2 Rd3 42. Nf6 h3+ 43. Kh2 Kc7 44. e5 Kd8 45. b6 Ke7 46.
Ne4 Rd5 47. Nd6 Rxd6 48. exd6+ Kxd6 49. Kxh3 Kc6 50. Kg4 Kxb6 51. Kf4 Kc5 52. Ke4 Kc4 53. Ke3 Kc3 54. Ke2 b5 55. Ke3 b4 56. Ke2 b3 57.
Kd1 b2 0-1

[Event "*** Titled Tuesday 3|2 Blitz"]
[Site "Chess.com"]
[Date "2016.09.06"]
[Round "2"]
[White "CraiggoryC"]
[Black "akinov-akinseye"]
[Result "1-0"]
[WhiteElo "2024"]
[BlackElo "2029"]
[TimeControl "180+2"]
[EndTime "17:23:14 PDT"]
[Termination "CraiggoryC won by checkmate"]

1. e4 e5 2. Nf3 Nc6 3. Bb5 Nf6 4. O-O Bc5 5. c3 O-O 6. d4 Bb6 7. Bg5 d6 8. a4 a6 9. Bxc6 bxc6 10. dxe5 dxe5 11.
Qxd8 Rxd8 12. Nxe5 Re8 13. Bxf6 gxf6 14. Nxc6 Rxe4 15. a5 Bc5 16. b4 Bd6 17. Nd2 Re2 18.
Nc4 Bb7 19. Nd4 Ree8 20. Nxd6 cxd6 21. Rfe1 Rac8 22. Rxe8+ Rxe8 23. Nf5 d5 24. Nd6 Re7 25. Nxb7 Rxb7 26. Rd1 Rc7 27. Rd3 Kf8 28. Kf1 Ke7 29. Ke1 Ke6 30. Kd2 Ke5 31. Rh3 d4 32. cxd4+ Kxd4 33. Rxh7 Kc4 34. Rh4+ Kb3 35. Rf4 Rc2+ 36. Ke3 Rc3+ 37.
Ke2 Rc6 38. h4 Re6+ 39. Kf3 Ka4 40. g4 Kb5 41. h5 Re8 42. Rxf6 Kxb4 43. Rxa6 Kb5 44.
Rf6 Kxa5 45. Rxf7 Kb5 46. h6 Kc5 47. g5 Rh8 48. Kg4 Kd6 49. Kh5 Ke6 50. Rf6+ Ke7 51. f4 Ke8 52. Kg6 Ke7 53. Kg7 Ra8 54. h7 Re8 55.
h8=Q Rxh8 56. Kxh8 Ke8 57. Kg7 Ke7 58. g6 Ke8 59.
Rf7 Kd8 60. Kf6 Ke8 61. g7 Kd8 62. g8=Q# 1-0

[Event "*** Titled Tuesday 3|2 Blitz"]
[Site "Chess.com"]
[Date "2016.09.06"]
[Round "2"]
[White "jk13"]
[Black "E-Shaposhnikov"]
[Result "1-0"]
[WhiteElo "2505"]
[BlackElo "2665"]
[TimeControl "180+2"]
[EndTime "17:23:22 PDT"]
[Termination "jk13 won by resignation"]

1. e4 c5 2. c3 Nf6 3. e5 Nd5 4. Bc4 Nb6 5. Bb3 c4 6. Bc2 d6 7. Nf3 dxe5 8. Nxe5 Qd5 9. Qe2 f6 10. Nf3 Nc6 11. Be4 Qf7 12. O-O e5 13. d4 cxd3 14.
Bxd3 Be6 15. a4 Rd8 16. a5 Nd5 17. a6 b6 18. Bb5 Qd7 19. Nbd2 Nf4 20. Qe4 Bd5 21. Qa4 Rc8 22. Ne4 Nxg2 23. Rd1 Ne3 24. Bxe3 Qg4+ 25. Kf1 Bxe4 26. Ne1 Qh3+ 27. Ke2 Qh5+ 28.
f3 Qxh2+ 29. Kf1 Qh1+ 30. Kf2 Qh4+ 31. Kf1 Qh3+ 32. Ke2 Qh2+ 33. Kf1 Qh3+ 34. Kf2 Qh2+ 35. Ng2 Bxf3 36. Kxf3 Qh3+ 37. Kf2 Qe6 38. Qc4 Qxc4 39. Bxc4 Nd4 40. cxd4 Rxc4 41. dxe5 fxe5 42. Bxb6 axb6 43. a7 Bc5+ 44. Kg3 Ke7 45. a8=Q Rxa8 46. Rxa8 h5 47. Ra7+ Kf6 48. Rf1+ Kg6 49. Rff7 Rg4+ 50. Kh3 Kh6 51. Nh4 g6 52. Rh7+ Kg5 53. Nf3+ Kf4 54.
Rhf7+ Ke4 55. Ra4+ Bd4 56. Nxd4 exd4 57. Rf6 b5 58. Rb4 Rg1 59. Rxb5 d3 60. Re6+ Kf3 61. Rf6+ Ke4 62. Rb8 d2 63. Re8+ Kd3 64. Rd6+ Kc2 65. Rc8+ Kd1 66. Rcd8 1-0

[Event "*** Titled Tuesday 3|2 Blitz"]
[Site "Chess.com"]
[Date "2016.09.06"]
[Round "2"]
[White "rdclayton"]
[Black "Kawhi_Leonard2"]
[Result "0-1"]
[WhiteElo "2092"]
[BlackElo "2022"]
[TimeControl "180+2"]
[EndTime "17:23:37 PDT"]
[Termination "Kawhi_Leonard2 won by checkmate"]

1. d4 Nf6 2. Nf3 e6 3. c4 d5 4. g3 Be7 5. Bg2 O-O 6. O-O dxc4 7. Qc2 a6 8. Qxc4 b5 9. Qc2 Bb7 10. Rd1 Nc6 11. a3 Ra7 12. Nc3 Qa8 13. Bf4 Rc8 14. e4 Nd8 15. Ne5 c5 16. d5 b4 17. d6 Bxd6 18. Rxd6 bxc3 19. f3 cxb2 20. Qxb2 Nc6 21. Nxc6 Bxc6 22. Rad1 Rd7 23. Be5 Rxd6 24. Rxd6 Ne8 25. Rd1 f6 26. Bf4 e5 27. Be3 Bb5 28.
Qc3 Qc6 29. Rc1 c4 30. Rd1 Nd6 31. Bh3 Re8 32. Qb4 Rd8 33. Bc5 Nb7 34. Rxd8+ Nxd8 35.
Bf1 Nb7 36. Be3 c3 37. Bg2 c2 38. Bc1 Nc5 39. Bf1 Bxf1 40. Kxf1 Qb5+ 41. Qxb5 axb5 42.
Ke2 Nb3 43. Bb2 c1=Q 44. Bxc1 Nxc1+ 45. Kd2 Nb3+ 46. Kc3 Na5 47. Kb4 Nc4 48. a4 Kf7 49. Kxb5 Nd6+ 50. Kc6 Ke6 51. a5 Nc8 52. Kc7 Na7 53.
Kb6 Nc8+ 54. Kc7 Na7 55. a6 g6 56. h4 f5 57. exf5+ gxf5 58. Kb6 Kd7 59. Kxa7 Kc7 60.
Ka8 h5 61. a7 e4 62. fxe4 fxe4 63. g4 e3 64. gxh5 e2 65. h6 e1=Q 66. h7 Qe4# 0-1

[Event "*** Titled Tuesday 3|2 Blitz"]
[Site "Chess.com"]
[Date "2016.09.06"]
[Round "2"]
[White "matein28"]
[Black "MbMaster"]
[Result "0-1"]
[WhiteElo "2334"]
[BlackElo "2313"]
[TimeControl "180+2"]
[EndTime "17:24:11 PDT"]
[Termination "MbMaster won on time"]

1. d4 Nf6 2. c4 g6 3. Nf3 Bg7 4.
g3 b6 5. Bg2 Bb7 6. O-O O-O 7.
Nc3 Ne4 8. Qc2 Nxc3 9. Qxc3 c5 10. Qd3 cxd4 11. Nxd4 Bxg2 12. Kxg2 Nc6 13. Nf3 Qc8 14.
Rb1 Rd8 15. Rd1 Qb7 16. Kg1 Rac8 17. b3 d5 18. cxd5 Nb4 19. Qe4 Nxd5 20. Bg5 h6 21.
Be3 e6 22. Bd4 Qe7 23. Rbc1 Nc3 24. Bxc3 Rxd1+ 25. Rxd1 Rxc3 26. Rd3 Rxd3 27. Qxd3 Qa3 28. Qd8+ Kh7 29. Qd2 Qb2 30. Qxb2 Bxb2 31. e4 Kg7 32. Kf1 Kf6 33. Ke2 Ke7 34. Kd3 Kd6 35. Nd2 b5 36. f4 Kc5 37. e5 Kd5 38. Ne4 Ba3 39. Nf6+ Kc6 40. g4 Be7 41. Ng8 Bf8 42. h3 a6 43. Nf6 Be7 44. Ne4 g5 45. fxg5 hxg5 46. Kd4 Bd8 47. a4 Bb6+ 48. Kd3 Bd8 49. Nd6 f6 50. axb5+ axb5 51. Ke4 fxe5 52. Nf7 Bf6 53. Nxe5+ Kd6 54. Nd3 Bc3 55. Nf2 Kc5 56. Kd3 Kb4 57.
Ne4 Be1 58. Nxg5 Kxb3 59. Nxe6 b4 60. Nc5+ Ka2 61. Kc4 Ka3 62. g5 Bh4 63. Ne4 b3 64. g6 b2 65. Nc3 Bf6 66. Nb1+ Ka2 67. Nd2 Bg7 68. Kc5 Bh6 69. Ne4 Bg7 70. Nd2 Bh6 71. Ne4 Kb3 72. Kd4 b1=Q 73. Nd2+ Bxd2 0-1

[Event "*** Titled Tuesday 3|2 Blitz"]
[Site "Chess.com"]
[Date "2016.09.06"]
[Round "2"]
[White "dretch"]
[Black "pKiLz5Rn9b"]
[Result "1-0"]
[WhiteElo "2614"]
[BlackElo "2465"]
[TimeControl "180+2"]
[EndTime "17:24:21 PDT"]
[Termination "dretch won by resignation"]

1. d4 e6 2. c4 Nf6 3. Nc3 Bb4 4. Qc2 d5 5. cxd5 exd5 6. Bg5 h6 7. Bxf6 Qxf6 8. a3 Bxc3+ 9. Qxc3 O-O 10. e3 Bf5 11.
Ne2 Nd7 12. Rc1 Rfc8 13. b4 a5 14. Ng3 Be6 15. Bd3 c6 16. O-O Qd8 17. Rb1 b6 18.
Rfd1 Qf6 19. Nh5 Qe7 20. Nf4 axb4 21. axb4 c5 22. dxc5 bxc5 23. b5 Qd6 24. Bc2 Nb6 25. Qd3 Kf8 26. Qh7 Qe5 27. Nxe6+ fxe6 28. e4 d4 29. f4 Qc7 30. e5 Qf7 31. f5 g6 32.
Qxh6+ Qg7 33. Qxg6 Qxg6 34. fxg6 Rc7 35. Be4 Rd8 36. Rb3 Nc4 37. Rf3+ Kg7 38. Rh3 Kg8 39.
Rc1 Nxe5 40. b6 Rcd7 41. Rh7 d3 42. Rxd7 Nxd7 43. Bxd3 Nxb6 44. Be4 Rd4 45. Re1 Kg7 46.
Kf2 c4 47. Ke3 e5 48. Rb1 Nd7 49. Rb7 Kf6 50. Bc2 Nc5 51. Rb6+ Kg7 52. Rc6 Nd7 53. g3 Nf6 54. h3 Nd5+ 55. Kf3 Ne7 56. Re6 Nd5 57.
Rxe5 Rd2 58. Be4 Nf6 59. Re7+ Kg8 60. Bf5 Rd6 61. Be6+ Kf8 62. Rf7+ Ke8 63. Rxf6 Ke7 64. g7 Kxf6 65. g8=Q Rxe6 66. Qd8+ Ke5 67. Qc7+ Kd5 68.
Qd7+ Rd6 69. Qf5+ Kd4 70. Qf4+ Kc5 71. Qe5+ Rd5 72. Qe3+ Kb4 73. Ke4 Rd7 74. Qb6+ Kc3 75. g4 Re7+ 76. Kd5 Rd7+ 77. Ke6 Rd1 78. g5 Re1+ 79. Kd5 Rd1+ 80. Kc5 Kd3 81. Qd6+ Kc2 82.
Qxd1+ 1-0

[Event "*** Titled Tuesday 3|2 Blitz"]
[Site "Chess.com"]
[Date "2016.09.06"]
[Round "2"]
[White "fpawn"]
[Black "theprosecution1"]
[Result "1/2-1/2"]
[WhiteElo "2206"]
[BlackElo "2452"]
[TimeControl "180+2"]
[EndTime "17:24:21 PDT"]
[Termination "Game drawn by agreement"]

1. e4 c5 2. Nc3 Nc6 3. g3 g6 4.
Bg2 Bg7 5. d3 d6 6. f4 Nf6 7. h3 O-O 8. Nf3 Rb8 9. g4 b5 10. O-O b4 11. Ne2 a5 12. Rb1 a4 13.
Be3 Ba6 14. b3 axb3 15. axb3 Nd7 16. g5 Bb7 17. h4 Ra8 18. h5 e6 19. Bh3 Qe7 20.
hxg6 hxg6 21. Nh2 Nd4 22. Rf2 Ra2 23. Nc1 Ra3 24. Ng4 Rfa8 25. Rh2 Ra1 26. Rxa1 Rxa1 27. Bg2 Bc6 28. Qe1 e5 29. f5 gxf5 30. Nh6+ Kf8 31. Nxf5 Nxf5 32. exf5 Bxg2 33. Kxg2 e4 34. Qf2 exd3 35.
f6 Qe4+ 36. Qf3 Qxf3+ 37. Kxf3 Nxf6 38. gxf6 Bxf6 39. Nxd3 Ke7 40. Nf4 Be5 41. Rh7 Ra2 42.
Ng6+ Kf6 43. Nxe5 Kxe5 44. Rh2 f5 45. Rd2 Ke6 46. Bf2 c4 47. Ke2 c3 48. Rd4 Rxc2+ 49. Ke1 Rc1+ 50. Ke2 Rc2+ 51. Ke1 Ke5 52. Rc4 d5 53.
Rc8 Ke4 54. Re8+ Kf3 55. Re3+ Kf4 56. Rd3 Rc1+ 57. Ke2 Rc2+ 58. Ke1 Ke4 59. Re3+ Kf4 60. Rd3 Rb2 61. Rd4+ Kf3 62. Rd3+ Ke4 63. Rd4+ Ke5 64. Rxb4 Rb1+ 65. Ke2 c2 66. Bd4+ Kd6 67. Be3 c1=Q 68. Bxc1 Rxc1 69. Rb8 Ke5 70. Ke3 Rc3+ 71. Kd2 Rh3 72. b4 Kd4 73. b5 Rh2+ 74. Ke1 Rb2 75. b6 f4 76. b7 Kd3 77. Kf1 d4 78. Ke1 Rb1+ 79. Kf2 Kd2 80. Rd8 Rxb7 81. Rxd4+ Kc3 82. Rxf4 1/2-1/2

[Event "*** Titled Tuesday 3|2 Blitz"]
[Site "Chess.com"]
[Date "2016.09.06"]
[Round "2"]
[White "NTBT_DHS"]
[Black "Lapitch"]
[Result "1/2-1/2"]
[WhiteElo "2537"]
[BlackElo "2576"]
[TimeControl "180+2"]
[EndTime "17:24:24 PDT"]
[Termination "Game drawn by repetition"]

1. d4 d5 2. c4 e6 3. Nf3 c5 4. g3 Nf6 5. Bg2 Be7 6. O-O O-O 7. dxc5 Bxc5 8. Nbd2 Nc6 9. Nb3 Bb6 10. c5 Bc7 11. a3 e5 12. Bg5 Be6 13. Qc2 h6 14. Bd2 a5 15. Rad1 a4 16. Nc1 e4 17. Ne1 Qe7 18.
e3 Bg4 19. f3 exf3 20. Bxf3 Bh3 21. Ng2 Ne5 22. Be2 Ne4 23. Be1 Rfd8 24. Nd3 Nc4 25.
Ndf4 Bxf4 26. Bxc4 Bxg2 27. Rxf4 dxc4 28. Kxg2 Rxd1 29.
Qxd1 g5 30. Qg4 Nf6 31. Rxf6 Qxf6 32. Bc3 Qc6+ 33. Kf2 Qxc5 34. Qe4 Qc6 35. Qe5 f6 36. Qf5 Kg7 37. h4 gxh4 38. gxh4 Ra6 39. h5 Qe8 40. Qg4+ Kh8 41. Qxc4 Qxh5 42. Qc8+ Kh7 43. Qxb7+ Kg6 44. Qxa6 Qh2+ 45. Ke1 Qg1+ 46. Kd2 Qg2+ 47. Qe2 Qg3 48. Qd3+ f5 49. Qd4 Qf2+ 50. Kd1 Qf1+ 51. Kc2 Kg5 52. Qg7+ Kh5 53. Qd4 Kg5 54. Qxa4 h5 55. Bd2 h4 56.
e4+ f4 57. Qa5+ Kh6 58. Qf5 Qc4+ 59. Bc3 Qe2+ 60. Kb3 f3 61. Qf4+ Kh5 62. Qf5+ Kh6 63. Bf6 Qd3+ 64. Ka2 Qc4+ 65. b3 Qe2+ 66. Kb1 Qd1+ 67.
Kb2 Qd2+ 68. Kb1 Qd1+ 69. Ka2 Qe2+ 70. Bb2 f2 71. Qf6+ Kh5 72. Qf5+ Kh6 73. Qf4+ Kh5 74. Qf5+ Kh6 75. Qf6+ Kh5 76. Qf5+ Kh6 77. Qf8+ Kh5 78.
Qf5+ Kh6 1/2-1/2

[Event "*** Titled Tuesday 3|2 Blitz"]
[Site "Chess.com"]
[Date "2016.09.06"]
[Round "3"]
[White "Quiet_Desperation"]
[Black "pKiLz5Rn9b"]
[Result "0-1"]
[WhiteElo "2229"]
[BlackElo "2468"]
[TimeControl "180+2"]
[EndTime "17:27:05 PDT"]
[Termination "pKiLz5Rn9b won by resignation"]

1. e4 e6 2. d4 d5 3. Nc3 dxe4 4. Nxe4 Nd7 5. Nf3 Ngf6 6. Bg5 h6 7. Nxf6+ Nxf6 8.
Bf4 Bd6 9. Qd2 Bxf4 10. Qxf4 Qd6 11. Qd2 O-O 12. Bd3 c5 13. dxc5 Qxc5 14. O-O-O b6 15. Kb1 Bb7 16. Qf4 Nd5 17. Qe4 Nc3+ 0-1

[Event "*** Titled Tuesday 3|2 Blitz"]
[Site "Chess.com"]
[Date "2016.09.06"]
[Round "3"]
[White "akinov-akinseye"]
[Black "tabarex"]
[Result "1-0"]
[WhiteElo "2034"]
[BlackElo "1861"]
[TimeControl "180+2"]
[EndTime "17:27:07 PDT"]
[Termination "akinov-akinseye won by checkmate"]

1. e4 Nc6 2. Nf3 f5 3. d3 e5 4.
Nc3 fxe4 5. dxe4 Nf6 6. Bc4 Bc5 7. O-O d6 8. Bg5 Bg4 9. Nd5 Nd4 10. c3 Nxf3+ 11. gxf3 Bh3 12. Re1 h6 13. Bh4 g5 14.
Bg3 Nxd5 15. Qxd5 c6 16. Qf7# 1-0

[Event "*** Titled Tuesday 3|2 Blitz"]
[Site "Chess.com"]
[Date "2016.09.06"]
[Round "3"]
[White "E-Shaposhnikov"]
[Black "FearlessKing64"]
[Result "1-0"]
[WhiteElo "2667"]
[BlackElo "2310"]
[TimeControl "180+2"]
[EndTime "17:27:22 PDT"]
[Termination "E-Shaposhnikov won by resignation"]

1. Nf3 Nf6 2. c4 c5 3. Nc3 Nc6 4. g3 d5 5. d4 cxd4 6. Nxd4 g6 7. Bg2 Nxd4 8. Qxd4 dxc4 9. Qxd8+ Kxd8 10. Bf4 e6 11.
O-O-O+ Ke8 12. Nb5 1-0

[Event "*** Titled Tuesday 3|2 Blitz"]
[Site "Chess.com"]
[Date "2016.09.06"]
[Round "3"]
[White "ShimanovAlex"]
[Black "bilelou"]
[Result "1-0"]
[WhiteElo "2547"]
[BlackElo "2272"]
[TimeControl "180+2"]
[EndTime "17:28:44 PDT"]
[Termination "ShimanovAlex won by resignation"]

1. d4 d5 2. Bf4 Nf6 3. e3 c5 4. c3 Nc6 5. Nd2 g6 6. Ngf3 Bg7 7. h3 O-O 8. dxc5 Re8 9. Bb5 a6 10. Bxc6 bxc6 11. Be5 Bf8 12. Bxf6 exf6 13. b4 a5 14. O-O Qc7 15. Nd4 Bd7 16. a3 a4 17. c4 Be6 18.
Nxe6 fxe6 19. cxd5 cxd5 20. Qc2 e5 21. e4 dxe4 22.
Nxe4 Kg7 23. Rad1 f5 24. Nc3 e4 25. Nd5 Qe5 26. Qc3 1-0

[Event "*** Titled Tuesday 3|2 Blitz"]
[Site "Chess.com"]
[Date "2016.09.06"]
[Round "3"]
[White "ItalianMachine"]
[Black "Salem-AR"]
[Result "0-1"]
[WhiteElo "2331"]
[BlackElo "2667"]
[TimeControl "180+2"]
[EndTime "17:28:46 PDT"]
[Termination "Salem-AR won by resignation"]

1. e4 c5 2. Nc3 d6 3. f4 Nc6 4.
Bb5 g6 5. Nf3 Bg7 6. O-O Bd7 7.
d3 Nf6 8. Ne2 O-O 9. c3 a6 10.
Bxc6 Bxc6 11. h3 c4 12. e5 dxe5 13. dxc4 Qb6+ 14. Kh2 exf4 15. Nxf4 Rad8 16. Qb3 Qc7 17. Kh1 Ne4 18. Re1 e6 19. Be3 Ng3+ 20. Kg1 Nf5 21.
Qb6 Qb8 22. Rad1 Rxd1 23. Rxd1 Bh6 24. Rd4 Nxe3 0-1

[Event "*** Titled Tuesday 3|2 Blitz"]
[Site "Chess.com"]
[Date "2016.09.06"]
[Round "3"]
[White "gmjoey1"]
[Black "Rating-Schmating"]
[Result "1-0"]
[WhiteElo "2511"]
[BlackElo "2212"]
[TimeControl "180+2"]
[EndTime "17:28:55 PDT"]
[Termination "gmjoey1 won by checkmate"]

1. e4 e6 2. d4 d5 3. Nc3 Bb4 4. e5 c5 5. a3 Bxc3+ 6. bxc3 Qc7 7. Nf3 Nc6 8. h4 a6 9. h5 h6 10.
a4 b6 11. Ba3 Nge7 12. Bd3 Nf5 13. Bxf5 exf5 14. dxc5 Nxe5 15. O-O Nxf3+ 16. Qxf3 Be6 17. cxb6 Qxb6 18. Qg3 Rg8 19. Rab1 Qc6 20. Rfe1 Rc8 21.
a5 Qc7 22. Qxc7 Rxc7 23. Rb8+ Kd7 24. Rxg8 Rxc3 25. Bb2 Rxc2 26. Bxg7 Ra2 27. Bxh6 Rxa5 28. Bg5 d4 29. Rd8+ Kc7 30. Rc1+ Kb7 31. h6 f4 32. h7 Rxg5 33. h8=Q Bd5 34. Rb8+ Ka7 35. Rc7+ Bb7 36.
Rcxb7# 1-0

[Event "*** Titled Tuesday 3|2 Blitz"]
[Site "Chess.com"]
[Date "2016.09.06"]
[Round "3"]
[White "steinitz_attack"]
[Black "rithwik2002"]
[Result "0-1"]
[WhiteElo "1791"]
[BlackElo "1915"]
[TimeControl "180+2"]
[EndTime "17:29:45 PDT"]
[Termination "rithwik2002 won by resignation"]

1. d4 Nf6 2. Nf3 g6 3. Bf4 d6 4.
h3 Bg7 5. e3 O-O 6. Be2 Nc6 7.
O-O Nd7 8. c4 e5 9. Bh2 f5 10.
Nc3 g5 11. Nd2 exd4 12. exd4 Nxd4 13. Bh5 Nf6 14. Re1 g4 15. hxg4 fxg4 16. Nde4 Nxh5 0-1

[Event "*** Titled Tuesday 3|2 Blitz"]
[Site "Chess.com"]
[Date "2016.09.06"]
[Round "3"]
[White "MaestroASK"]
[Black "FairChess_on_YouTube"]
[Result "0-1"]
[WhiteElo "2467"]
[BlackElo "2691"]
[TimeControl "180+2"]
[EndTime "17:30:04 PDT"]
[Termination "FairChess_on_YouTube won by resignation"]

1. g3 g6 2. Bg2 Bg7 3. c3 e5 4. d3 d5 5. e4 Ne7 6. Nd2 O-O 7.
Nh3 dxe4 8. dxe4 b6 9. O-O Ba6 10. Re1 Nd7 11. Bf1 Bb7 12. f3 Nc5 13. Nf2 a5 14.
Nb3 Ne6 15. Qxd8 Rfxd8 16. a4 f5 17. Bc4 Kf7 18. f4 fxe4 19. fxe5 Bd5 20. Bxd5 Rxd5 21. Nxe4 Rxe5 22. Nbd2 Nc5 23. Rf1+ Kg8 24. Nxc5 Rxc5 25.
Nb3 Rc4 26. Bf4 Nd5 27. Nd2 Rc6 28. Ne4 Re8 29. Rae1 Rce6 0-1

[Event "*** Titled Tuesday 3|2 Blitz"]
[Site "Chess.com"]
[Date "2016.09.06"]
[Round "3"]
[White "matein28"]
[Black "fpawn"]
[Result "1-0"]
[WhiteElo "2347"]
[BlackElo "2198"]
[TimeControl "180+2"]
[EndTime "17:30:08 PDT"]
[Termination "matein28 won by resignation"]

1. d4 f5 2. c4 Nf6 3. g3 g6 4.
Bg2 Bg7 5. Nc3 d6 6. e4 Nc6 7. Nge2 O-O 8. O-O e5 9. d5 Nd4 10. Be3 Nxe4 11. Nxe4 Nxe2+ 12. Qxe2 fxe4 13. Bxe4 Bh3 14. Rfc1 b6 15. b4 Qd7 16. c5 Bg4 17. Qd3 Bf3 18.
cxd6 cxd6 19. Rc6 Rf7 20. Bxf3 Rxf3 21. Qe4 Raf8 22. Rac1 Qf7 23. R1c2 Qf6 24. Kg2 Rf5 25. Rc8 Bh6 26. Rxf8+ Bxf8 27. g4 Rf4 28. Bxf4 exf4 29.
Qe6+ Qxe6 30. dxe6 Kg7 31. Rc7+ Kf6 32. Rf7+ 1-0

[Event "*** Titled Tuesday 3|2 Blitz"]
[Site "Chess.com"]
[Date "2016.09.06"]
[Round "3"]
[White "cheese111"]
[Black "hermionegrangermagic"]
[Result "1-0"]
[WhiteElo "2246"]
[BlackElo "2220"]
[TimeControl "180+2"]
[EndTime "17:30:18 PDT"]
[Termination "cheese111 won by resignation"]

1. e4 c5 2. Nf3 Nc6 3. Bb5 d6 4. O-O Bd7 5. Re1 a6 6. Bxc6 Bxc6 7. d4 cxd4 8. Nxd4 Nf6 9. Nxc6 bxc6 10. Qf3 Qd7 11.
Bg5 Ng4 12. Nd2 g6 13. Qc3 f6 14. Bf4 Bg7 15. h3 Ne5 16. Bxe5 fxe5 17. Qb3 e6 18.
Nc4 O-O 19. Nb6 Qf7 20. Nxa8 Qxf2+ 21. Kh1 Rxa8 22. Qxe6+ Kh8 23. Qc4 Bh6 24. Rf1 Qb6 25.
Qc3 Rb8 26. b3 Qb4 27. Qxc6 Bf4 28. c3 Qa5 29. Qxd6 Rc8 30. Qf6+ Kg8 31. Qe6+ 1-0

[Event "*** Titled Tuesday 3|2 Blitz"]
[Site "Chess.com"]
[Date "2016.09.06"]
[Round "3"]
[White "Lapitch"]
[Black "pedromartinez91"]
[Result "1-0"]
[WhiteElo "2582"]
[BlackElo "2370"]
[TimeControl "180+2"]
[EndTime "17:30:30 PDT"]
[Termination "Lapitch won by checkmate"]

1. Nf3 d5 2. c4 e6 3. g3 Nf6 4. Bg2 Be7 5. O-O O-O 6. b3 b6 7. Bb2 Bb7 8. e3 c5 9. Nc3 dxc4 10. bxc4 Nc6 11. Qe2 Nb4 12. d4 Ne4 13. Rfd1 Qc8 14. a3 Nxc3 15. Bxc3 Na6 16. d5 Rd8 17. e4 Bf8 18. Bh3 Nc7 19. Ne5 Qb8 20. Qh5 g6 21.
Qf3 f5 22. exf5 exf5 23. Bxf5 gxf5 24. Qxf5 Bg7 25. Qf7+ Kh8 26. Ng6+ hxg6 27. Qxg7# 1-0

[Event "*** Titled Tuesday 3|2 Blitz"]
[Site "Chess.com"]
[Date "2016.09.06"]
[Round "3"]
[White "jk13"]
[Black "Evgeny_Levin"]
[Result "0-1"]
[WhiteElo "2495"]
[BlackElo "2654"]
[TimeControl "180+2"]
[EndTime "17:30:31 PDT"]
[Termination "Evgeny_Levin won by resignation"]

1. e4 c5 2. c3 e6 3. d4 d5 4. exd5 exd5 5. Nf3 Nc6 6. Bb5 Nf6 7. O-O Be7 8. dxc5 Bxc5 9. Nbd2 O-O 10. Nb3 Bb6 11.
Bg5 a6 12. Bd3 h6 13. Bh4 g5 14. Bg3 Ne4 15. Ne5 Nxg3 16. Nxc6 bxc6 17. hxg3 Qf6 18.
Qd2 Bg4 19. Rae1 Rfe8 20. Rxe8+ Rxe8 21. Bxa6 Ra8 22. Be2 Bxe2 23. Qxe2 Rxa2 24. Ra1 Qxf2+ 25. Qxf2 Bxf2+ 26. Kxf2 Rxb2+ 27. Ke3 Rxb3 28. Kd4 c5+ 29. Kxc5 Rxc3+ 30. Kxd5 Rxg3 31. Ra2 Re3 32. Kd4 Re6 33. Rf2 Kg7 34. g4 Rf6 0-1

[Event "*** Titled Tuesday 3|2 Blitz"]
[Site "Chess.com"]
[Date "2016.09.06"]
[Round "3"]
[White "danir29"]
[Black "jposthuma"]
[Result "1-0"]
[WhiteElo "2421"]
[BlackElo "2171"]
[TimeControl "180+2"]
[EndTime "17:30:47 PDT"]
[Termination "danir29 won by resignation"]

1. d4 Nf6 2. Bf4 d6 3. Nf3 g6 4. Nc3 Bg7 5. Qd2 O-O 6. Bh6 c5 7. Bxg7 Kxg7 8. e4 cxd4 9. Nxd4 Nc6 10. Be2 Qa5 11. Nb3 Qb6 12. O-O a5 13. Nd5 Nxd5 14.
exd5 Ne5 15. Qd4 Qxd4 16. Nxd4 a4 17. Rfe1 Kf6 18. c4 Bf5 19. f4 Ng4 20. h3 Ne3 21. g4 Nc2 22. Nxc2 Bxc2 23. Rac1 Be4 24. Bf1 Bf3 25.
Rc3 a3 26. b3 1-0

[Event "*** Titled Tuesday 3|2 Blitz"]
[Site "Chess.com"]
[Date "2016.09.06"]
[Round "3"]
[White "Alexander_Moskalenko"]
[Black "yurisolo"]
[Result "1-0"]
[WhiteElo "2655"]
[BlackElo "2484"]
[TimeControl "180+2"]
[EndTime "17:30:48 PDT"]
[Termination "Alexander_Moskalenko won by resignation"]

1. b3 e5 2. Bb2 Nc6 3. c4 Nf6 4.
e3 d5 5. cxd5 Nxd5 6. a3 Bd6 7.
d3 O-O 8. Nf3 Be6 9. Nbd2 f6 10.
Be2 Qd7 11. Rc1 a5 12. Qc2 Rad8 13. O-O Qe7 14. Nc4 Rfe8 15. Rfd1 Qf8 16. Nxd6 cxd6 17. d4 Rc8 18. dxe5 dxe5 19. Bc4 Qf7 20. Nd2 Red8 21.
Ne4 Nde7 22. Nd6 Rxd6 23. Rxd6 Bxc4 24. Qxc4 Kf8 25. Qxf7+ Kxf7 26. Rd7 Rb8 27. g4 Ke6 28. Rcd1 h6 29. h4 Kf7 30. h5 Ke6 31. Kg2 Kf7 32.
Kf3 Ke6 33. Ke2 Nd4+ 34. Bxd4 exd4 35. R7xd4 Rc8 36. Re4+ 1-0